[Event "January 9 Late 2024"]
[Site "https://www.chess.com"]
[Date "2024.01.09"]
[Round "2"]
[White "Tulchynskyi, Feliks"]
[Black "Bernadskiy, Vitaliy"]
[Result "0-1"]
[Board "65"]
[TimeControl "180+1"]
[WhiteFideId "34127895"]
[BlackFideId "14100371"]
[WhiteElo "2574"]
[BlackElo "2868"]
[WhiteTeam "UKR"]
[BlackTeam "UKR"]
[WhiteClock "0:01:38"]
[BlackClock "0:01:56"]

1. c4 g6 2. Nc3 Bg7 3. Nf3 b6 4. d4 Bb7 5. e4 d6 6. Bd3 Nd7 7. O-O e5 8. d5 a5 9. Bc2 Ne7 10. a3 Ba6 11. Nd2 O-O 12. b4 Bh6 13. Nb5 Bxb5 14. cxb5 axb4 15. a4 Nc5 16. Re1 f5 17. exf5 Nxf5 18. Ne4 Bxc1 19. Qxc1 Nd4 20. Qb2 b3 21. Nxc5 Nxc2 22. Ne6 Qf6 23. Nxf8 Rxf8 24. Re2 Nxa1 25. Qxa1 Qf4 26. g3 Qc4 27. Re3 Qc2 28. f4 b2 0-1

[Event "January 9 Late 2024"]
[Site "https://www.chess.com"]
[Date "2024.01.09"]
[Round "2"]
[White "Durarbayli, Vasif"]
[Black "Ambartsumova, Karina"]
[Result "1-0"]
[Board "66"]
[TimeControl "180+1"]
[WhiteFideId "13402935"]
[BlackFideId "4166299"]
[WhiteElo "2861"]
[BlackElo "2574"]
[WhiteTeam "AZE"]
[BlackTeam "RUS"]
[WhiteClock "0:00:15"]
[BlackClock "0:00:02"]

1. c4 e6 2. e4 c5 3. Nc3 Nc6 4. Nf3 g5 5. d3 g4 6. Ng1 Nf6 7. h3 h5 8. hxg4 Nxg4 9. Be2 Bg7 10. Bxg4 hxg4 11. Rxh8+ Bxh8 12. Qxg4 Nd4 13. Kd1 Bf6 14. Nf3 Nxf3 15. gxf3 d6 16. Ke2 Bd7 17. Bf4 Ke7 18. Rh1 Qb6 19. Bc1 Qa5 20. Bg5 Qb6 21. Bxf6+ Kxf6 22. Qh4+ Ke5 23. Ke3 d5 24. Qf4# 1-0

[Event "January 9 Late 2024"]
[Site "https://www.chess.com"]
[Date "2024.01.10"]
[Round "2"]
[White "Olsson, William"]
[Black "Chan, Yi Ren Daniel"]
[Result "0-1"]
[Board "67"]
[TimeControl "180+1"]
[WhiteFideId "1741721"]
[BlackFideId "5801583"]
[WhiteElo "2571"]
[BlackElo "2855"]
[WhiteTeam "SWE"]
[BlackTeam "SGP"]
[WhiteClock "0:00:06"]
[BlackClock "0:00:11"]

1. c4 c6 2. Nf3 Nf6 3. g3 d5 4. Bg2 e6 5. O-O dxc4 6. Qc2 b5 7. a4 Bb7 8. Nc3 a6 9. b3 cxb3 10. Qxb3 Be7 11. d4 O-O 12. Rd1 Nbd7 13. Ne5 Qc7 14. Bf4 Nxe5 15. Bxe5 Qd7 16. Bxf6 Bxf6 17. Ne4 Be7 18. Nc5 Qc7 19. Rac1 Bxc5 20. Rxc5 Qd6 21. e3 Rac8 22. Rdc1 h6 23. h4 Rfd8 24. f4 g6 25. Kf2 h5 26. Bf3 Rd7 27. Qb1 Rdc7 28. g4 hxg4 29. Bxg4 f5 30. Bf3 Rh7 31. Rg1 Kf7 32. h5 gxh5 33. Rg5 Rch8 34. Qa2 Kf8 35. axb5 axb5 36. Re5 Rh6 37. Qa7 R8h7 38. Rc5 h4 39. Rc1 h3 40. Rcg1 Qc7 41. Rg8+ Kf7 42. Rb8 Kf6 43. Rgg8 h2 44. Bh1 b4 45. d5 cxd5 46. Qd4+ e5 47. fxe5+ Ke6 48. Rg6+ Rxg6 49. Re8+ Re7 50. Rh8 Qc2+ 51. Kf3 Qe4+ 52. Qxe4 fxe4+ 53. Kf4 Rf7# 0-1

[Event "January 9 Late 2024"]
[Site "https://www.chess.com"]
[Date "2024.01.09"]
[Round "2"]
[White "Brodsky, David"]
[Black "Yagupov, Igor"]
[Result "1/2-1/2"]
[Board "68"]
[TimeControl "180+1"]
[WhiteFideId "2073250"]
[BlackFideId "4113632"]
[WhiteElo "2854"]
[BlackElo "2571"]
[WhiteTeam "USA"]
[BlackTeam "RUS"]
[WhiteClock "0:00:07"]
[BlackClock "0:00:13"]

1. e4 c5 2. Nf3 e6 3. d4 cxd4 4. Nxd4 Nf6 5. Nc3 Nc6 6. Ndb5 d6 7. Bf4 e5 8. Bg5 a6 9. Na3 b5 10. Nab1 Be7 11. Bxf6 Bxf6 12. a4 b4 13. Nd5 O-O 14. Bc4 Bg5 15. O-O Be6 16. Qd3 a5 17. Rd1 Ne7 18. Nd2 Bxd2 19. Nxe7+ Qxe7 20. Bxe6 Qxe6 21. Rxd2 Rfc8 22. Rad1 g6 23. g3 Rc5 24. Qe2 Qd7 25. b3 Qc7 26. Kg2 Rc8 27. Rxd6 Rxc2 28. Qf3 Qe7 29. Rd7 Qe6 30. R1d6 R2c3 31. Rxe6 Rxf3 32. Ree7 Rf6 33. Rd2 Rc3 34. Rxe5 Rxb3 35. Rxa5 Rb6 36. Ra7 Rc3 37. a5 Rf6 38. e5 Rf5 39. f4 g5 40. Rd8+ Kg7 41. e6 gxf4 42. e7 f3+ 43. Kf2 Rc2+ 44. Kf1 Rc1+ 45. Kf2 Rc2+ 46. Kf1 Rc1+ 47. Kf2 Rc2+ 1/2-1/2

[Event "January 9 Late 2024"]
[Site "https://www.chess.com"]
[Date "2024.01.09"]
[Round "2"]
[White "Lobanov, Sergei"]
[Black "Sowa, Ryan"]
[Result "1/2-1/2"]
[Board "69"]
[TimeControl "180+1"]
[WhiteFideId "24183750"]
[BlackFideId "30901693"]
[WhiteElo "2852"]
[BlackElo "2570"]
[WhiteTeam "FID"]
[BlackTeam "USA"]
[WhiteClock "0:00:08"]
[BlackClock "0:00:22"]

1. d4 b6 2. e4 Bb7 3. Bd3 e6 4. Ne2 c5 5. c3 Nf6 6. Ng3 d6 7. O-O Nbd7 8. Be3 Be7 9. Nd2 O-O 10. f4 cxd4 11. cxd4 e5 12. Nf5 Re8 13. Nxe7+ Qxe7 14. fxe5 dxe5 15. d5 h6 16. Qf3 Rf8 17. Qg3 Kh8 18. Rae1 Ne8 19. Nf3 Nd6 20. Qh3 Nc5 21. Bxc5 bxc5 22. Qg3 Rae8 23. Nd2 Qc7 24. Nc4 Nxc4 25. Bxc4 Bc8 26. b3 Qd6 27. Qd3 Bd7 28. Re3 a5 29. a4 f6 30. Rc1 f5 31. exf5 Bxf5 32. Qe2 e4 33. Rf1 Bg6 34. Qe1 Rxf1+ 35. Qxf1 Rf8 36. Qe1 Qe5 37. Qxa5 Qd4 38. Qe1 Bf7 39. a5 Bxd5 40. Bxd5 Qxd5 41. Rxe4 Qxb3 42. Re8 Rxe8 43. Qxe8+ Kh7 44. Qe4+ Kh8 45. a6 Qd1+ 46. Kf2 Qd2+ 47. Kg3 Qd6+ 48. Qf4 Qxa6 49. Qf8+ Kh7 50. Qxc5 Qg6+ 51. Kf3 Qf6+ 52. Kg3 Qg6+ 53. Kf3 Qf6+ 54. Kg3 Qg6+ 1/2-1/2

[Event "January 9 Late 2024"]
[Site "https://www.chess.com"]
[Date "2024.01.09"]
[Round "2"]
[White "Bellahcene, Bilel"]
[Black "Maksimovic, Bojan"]
[Result "0-1"]
[Board "70"]
[TimeControl "180+1"]
[WhiteFideId "696358"]
[BlackFideId "14408120"]
[WhiteElo "2570"]
[BlackElo "2850"]
[WhiteTeam "ALG"]
[BlackTeam "BIH"]
[WhiteClock "0:00:00"]
[BlackClock "0:00:04"]

1. e4 a6 2. d4 e6 3. Bd3 d5 4. exd5 exd5 5. Nf3 Bd6 6. O-O Ne7 7. Re1 Nc6 8. c3 O-O 9. Bg5 f6 10. Bh4 Bf5 11. Bg3 Qd7 12. Bxd6 Qxd6 13. Bxf5 Nxf5 14. Qd3 Qd7 15. Nbd2 Nd6 16. Nb3 b6 17. Nbd2 a5 18. Re3 Rae8 19. Rae1 Rxe3 20. Rxe3 Re8 21. b3 Rxe3 22. fxe3 Ne7 23. c4 Qe6 24. a3 Nef5 25. Kf2 Ne4+ 26. Ke2 Nfd6 27. cxd5 Qxd5 28. Nc4 Nb5 29. a4 Nbc3+ 30. Kf1 Qf5 31. Kg1 g5 32. h3 h5 33. Qf1 Ng3 34. Qe1 Nge2+ 35. Kh1 g4 36. Ng1 Qf1 37. Qxf1 Ng3+ 38. Kh2 Nxf1+ 39. Kh1 Ng3+ 40. Kh2 Nce4 41. Nf3 Nf1+ 42. Kg1 Nxe3 43. hxg4 Nxc4 44. bxc4 hxg4 45. Nh4 Kf7 46. Nf5 Ke6 47. Ng7+ Kd7 48. Nf5 Nd6 49. Ne3 f5 50. Kf2 Ke6 51. Ke2 f4 52. Nxg4 Nxc4 53. Kf3 Nb2 54. Kxf4 Nxa4 55. Ne5 Nc3 56. Nc4 a4 57. g4 b5 0-1

[Event "January 9 Late 2024"]
[Site "https://www.chess.com"]
[Date "2024.01.09"]
[Round "2"]
[White "Klukin, Kirill"]
[Black "Potapova, Margarita"]
[Result "1-0"]
[Board "71"]
[TimeControl "180+1"]
[WhiteFideId "24199273"]
[BlackFideId "14126869"]
[WhiteElo "2847"]
[BlackElo "2569"]
[WhiteTeam "RUS"]
[BlackTeam "RUS"]
[WhiteClock "0:01:13"]
[BlackClock "0:00:01"]

1. f4 d5 2. Nf3 Nf6 3. g3 g6 4. Bg2 Bg7 5. O-O O-O 6. d3 c5 7. Nc3 Nc6 8. e4 dxe4 9. dxe4 Qxd1 10. Rxd1 Bg4 11. Be3 Nd4 12. Bxd4 cxd4 13. Rxd4 Bxf3 14. Bxf3 Rfd8 15. Rad1 Rxd4 16. Rxd4 e5 17. Rd6 Re8 18. Kf2 h5 19. fxe5 Rxe5 20. Ke2 b6 21. Kd3 g5 22. Rd8+ Kh7 23. Nd5 Kg6 24. c4 g4 25. Bd1 Nxe4 26. Bc2 f5 27. Nf4+ Kf7 28. b4 a5 29. a3 axb4 30. axb4 Bf8 31. Nd5 h4 32. gxh4 Nf2+ 33. Kc3 Bg7 34. Kb3 Nh3 35. Rd7+ Kg6 36. Ne7+ Kf6 37. Nxf5 Bf8 38. Rb7 Nf4 39. Rxb6+ Re6 40. Rxe6+ Nxe6 41. c5 Nc7 42. Kc4 Ke5 43. h5 Ne6 44. h6 Ng5 45. Nd4 Nf3 46. Nc6+ Kf4 47. h7 Bg7 48. b5 Nxh2 49. Nd4 g3 50. Ne6+ Kf3 51. Nxg7 g2 52. h8=Q g1=Q 53. Qh5+ Ng4 54. Qd5+ Kg3 55. Nf5+ Kh3 56. Qd3+ Kh2 57. Qg3+ Qxg3 58. Nxg3 Kxg3 59. b6 Ne5+ 60. Kd5 Kf4 61. c6 1-0

[Event "January 9 Late 2024"]
[Site "https://www.chess.com"]
[Date "2024.01.09"]
[Round "2"]
[White "Rogov, Matfey"]
[Black "Bryakin, Mikhail"]
[Result "1-0"]
[Board "72"]
[TimeControl "180+1"]
[WhiteFideId "44191308"]
[BlackFideId "4165314"]
[WhiteElo "2569"]
[BlackElo "2844"]
[WhiteTeam "RUS"]
[BlackTeam "SRB"]
[WhiteClock "0:00:11"]
[BlackClock "0:00:26"]

1. e4 Nf6 2. e5 Nd5 3. f4 d6 4. Nf3 Nc6 5. d4 Bg4 6. c4 Bxf3 7. gxf3 Nb6 8. d5 Nb8 9. e6 fxe6 10. dxe6 c5 11. a4 Nc6 12. a5 Nc8 13. Qd5 Nxa5 14. Nc3 Qb6 15. Rxa5 Qxa5 16. Qxb7 Nb6 17. Bd2 Rc8 18. Nd5 Qa1+ 19. Ke2 Qa4 20. Nxb6 Qc6 21. Qd7+ Qxd7 22. exd7+ 1-0

[Event "January 9 Late 2024"]
[Site "https://www.chess.com"]
[Date "2024.01.09"]
[Round "2"]
[White "Schroeder, Jan-Christian"]
[Black "Tabuenca Mendataurigoitia, Daniel"]
[Result "1-0"]
[Board "73"]
[TimeControl "180+1"]
[WhiteFideId "24662259"]
[BlackFideId "24563617"]
[WhiteElo "2842"]
[BlackElo "2567"]
[WhiteTeam "GER"]
[BlackTeam "ESP"]
[WhiteClock "0:01:15"]
[BlackClock "0:00:01"]

1. d4 d6 2. Nc3 Nf6 3. e4 e5 4. Nf3 exd4 5. Nxd4 Be7 6. g3 Nc6 7. Bg2 O-O 8. O-O Nxd4 9. Qxd4 c6 10. Bf4 Qc7 11. Rad1 Rd8 12. h3 Be6 13. Rfe1 Nh5 14. Be3 b5 15. b3 a5 16. a4 b4 17. Ne2 d5 18. Qb6 Qxb6 19. Bxb6 Rdb8 20. Bd4 Nf6 21. Bxf6 Bxf6 22. exd5 cxd5 23. Bxd5 Bxd5 24. Rxd5 Rc8 25. Rc1 g6 26. Kg2 Bb2 27. Rcd1 Rxc2 28. R1d2 Rac8 29. Nf4 Bc1 30. Rxc2 Rxc2 31. Nd3 Rc3 32. h4 h5 33. Kf1 Bh6 34. Nc5 Bf8 35. Nd7 Rxb3 36. Rxa5 Kg7 37. Rb5 Ra3 38. Nxf8 Kxf8 39. Rxb4 Ra2 40. Rf4 Ke7 41. Ke1 Ke6 42. Kd1 f6 43. Kc1 g5 44. Kb1 Re2 45. Rb4 Rxf2 46. a5 Rf5 47. Ra4 Rb5+ 48. Kc2 Rb7 49. a6 Ra7 50. Kd3 Kf5 51. Ke3 Re7+ 52. Kf3 g4+ 53. Kf2 Ra7 54. Ra5+ Ke4 55. Ke2 f5 56. Ra4+ Kd5 57. Ke3 Ke5 58. Ra5+ Ke6 59. Kf4 Kf6 60. Rxf5+ Kg6 61. Rg5+ Kh6 62. Ra5 Rf7+ 63. Rf5 Ra7 64. Rf6+ Kg7 65. Kg5 1-0

[Event "January 9 Late 2024"]
[Site "https://www.chess.com"]
[Date "2024.01.09"]
[Round "2"]
[White "Pham, Le Thao Nguyen"]
[Black "Seemann, Jakub"]
[Result "1-0"]
[Board "74"]
[TimeControl "180+1"]
[WhiteFideId "12401226"]
[BlackFideId "21874697"]
[WhiteElo "2566"]
[BlackElo "2842"]
[WhiteTeam "VIE"]
[BlackTeam "POL"]
[WhiteClock "0:00:10"]
[BlackClock "0:00:00"]

1. d4 Nf6 2. Nf3 d5 3. Bf4 Bf5 4. c4 e6 5. Nc3 Be7 6. e3 O-O 7. Qb3 c5 8. Qxb7 Nbd7 9. h3 Ne4 10. cxd5 cxd4 11. exd4 Nxc3 12. bxc3 Qa5 13. Rc1 Ba3 14. Qb5 Qxb5 15. Bxb5 Bxc1 16. Bxc1 Nb6 17. d6 Rfd8 18. Ba3 Rac8 19. Kd2 Nc4+ 20. Bxc4 Rxc4 21. Bc5 f6 22. Re1 Rb4 23. cxb4 Kf7 24. Kc3 h5 25. a4 g5 26. Nd2 g4 27. hxg4 hxg4 28. b5 Ke8 29. Nc4 Kd7 30. Ne3 Bg6 31. Nxg4 Rf8 32. f3 Bf5 33. Ne3 Bg6 34. g4 Rh8 35. f4 Be4 36. Nc4 Rh3+ 37. Kb4 Bd5 38. g5 fxg5 39. fxg5 Rg3 40. Ne5+ Kd8 41. g6 Kc8 42. Rf1 a6 43. bxa6 Rb3+ 44. Ka5 Bf3 45. g7 1-0

[Event "January 9 Late 2024"]
[Site "https://www.chess.com"]
[Date "2024.01.09"]
[Round "2"]
[White "Pichot, Alan"]
[Black "Hajiyev, Kanan"]
[Result "1-0"]
[Board "75"]
[TimeControl "180+1"]
[WhiteFideId "110973"]
[BlackFideId "13404148"]
[WhiteElo "2842"]
[BlackElo "2564"]
[WhiteTeam "ESP"]
[BlackTeam "AZE"]
[WhiteClock "0:01:35"]
[BlackClock "0:00:00"]

1. Nf3 d5 2. b3 Nf6 3. Bb2 g6 4. e3 Bg7 5. c4 O-O 6. cxd5 Nxd5 7. Bxg7 Kxg7 8. d4 c5 9. dxc5 Qa5+ 10. Nbd2 Qxc5 11. Rc1 Qa5 12. Bc4 Nc6 13. O-O Rd8 14. Qc2 Bg4 15. Qb2+ Kg8 16. a3 Bxf3 17. Nxf3 e6 18. b4 Qb6 19. Rfd1 Nce7 20. e4 Nf4 21. Qf6 Rxd1+ 22. Rxd1 Qc7 23. Ne5 Nc6 24. Rd7 Qxd7 25. Nxd7 Rd8 26. Qxf4 Rxd7 27. h4 h5 28. Bb5 Rd1+ 29. Kh2 Nd4 30. Qb8+ Kg7 31. Qxb7 e5 32. Bc4 1-0

[Event "January 9 Late 2024"]
[Site "https://www.chess.com"]
[Date "2024.01.09"]
[Round "2"]
[White "Zubritskiy, Artyom"]
[Black "Baltag, Iulian"]
[Result "1-0"]
[Board "76"]
[TimeControl "180+1"]
[WhiteFideId "4181247"]
[BlackFideId "13901419"]
[WhiteElo "2841"]
[BlackElo "2562"]
[WhiteTeam "FID"]
[BlackTeam "MDA"]
[WhiteClock "0:00:16"]
[BlackClock "0:00:00"]

1. e4 c5 2. d4 cxd4 3. c3 d3 4. c4 Nc6 5. Nc3 g6 6. Bxd3 Bg7 7. Nf3 d6 8. h3 Nf6 9. O-O O-O 10. Be3 Be6 11. Rc1 h6 12. Qe2 Nd7 13. Nd5 Nde5 14. Nxe5 Nxe5 15. Bb1 Nc6 16. Qd2 Kh7 17. f4 f5 18. Rfe1 fxe4 19. Bxe4 Bf5 20. Bf3 e5 21. b4 e4 22. Be2 Ne7 23. Red1 Nc6 24. b5 Nb8 25. Nb4 Nd7 26. Qxd6 Rf7 27. c5 Qa5 28. Qd2 Be6 29. c6 bxc6 30. Nxc6 Qxd2 31. Rxd2 Nf6 32. Nd8 Rxd8 33. Rxd8 Nd5 34. Rxd5 Bxd5 35. a4 Rd7 36. Rd1 Bf6 37. a5 Be6 38. Rxd7+ Bxd7 39. Bxa7 Bc3 40. a6 g5 41. fxg5 hxg5 42. Be3 Kg6 43. a7 1-0

[Event "January 9 Late 2024"]
[Site "https://www.chess.com"]
[Date "2024.01.09"]
[Round "2"]
[White "Maltsevskaya, Aleksandra"]
[Black "Remizov, Yaroslav"]
[Result "0-1"]
[Board "77"]
[TimeControl "180+1"]
[WhiteFideId "24174041"]
[BlackFideId "34134015"]
[WhiteElo "2558"]
[BlackElo "2837"]
[WhiteTeam "POL"]
[BlackTeam "RUS"]
[WhiteClock "0:00:00"]
[BlackClock "0:00:25"]

1. e4 c5 2. Nf3 Nc6 3. d4 cxd4 4. Nxd4 Nf6 5. Nc3 e6 6. Bg5 Qb6 7. Nb3 Bb4 8. Bd3 a5 9. a3 Bxc3+ 10. bxc3 a4 11. Nd2 Qc5 12. Be3 Qxc3 13. O-O d5 14. Bg5 h6 15. Bxf6 Qxf6 16. exd5 exd5 17. Re1+ Be6 18. Rb1 Ra7 19. Nf3 O-O 20. h3 Rd8 21. Bb5 g6 22. Qd2 Kg7 23. Bxc6 bxc6 24. Rb6 c5 25. Ne5 c4 26. Nc6 Rd6 27. Qb4 Rad7 28. Ne5 Rxb6 29. Qxb6 Re7 30. Nc6 Re8 31. Nd4 Bd7 32. Qxf6+ Kxf6 33. Rxe8 Bxe8 34. c3 Ke5 35. Kf1 Ke4 36. Ke2 h5 37. g3 h4 38. f3+ Ke5 39. Kf2 g5 40. gxh4 gxh4 41. Ke3 Bd7 42. f4+ Kf6 43. Nf3 Bxh3 44. Nxh4 Bg4 45. Ng2 Bf5 46. Ne1 Be4 47. Kd4 Kf5 48. Ke3 Kg4 0-1

[Event "January 9 Late 2024"]
[Site "https://www.chess.com"]
[Date "2024.01.09"]
[Round "2"]
[White "Tan, Ralph"]
[Black "Dourerassou, Jonathan"]
[Result "0-1"]
[Board "78"]
[TimeControl "180+1"]
[WhiteFideId "30966590"]
[BlackFideId "628050"]
[WhiteElo "2557"]
[BlackElo "2831"]
[WhiteTeam "USA"]
[BlackTeam "FRA"]
[WhiteClock "0:00:09"]
[BlackClock "0:01:35"]

1. Nf3 Nf6 2. g3 g6 3. Bg2 Bg7 4. O-O O-O 5. d4 d6 6. c4 Nbd7 7. Nc3 a6 8. b3 c5 9. Bb2 cxd4 10. Nxd4 Nc5 11. Rc1 Rb8 12. Re1 Ne6 13. Nd5 Nxd4 14. Qxd4 Be6 15. e4 Bxd5 16. exd5 Re8 17. h3 Qa5 18. a3 Nh5 19. Bc3 Qxa3 20. Qd1 Bxc3 21. Rxc3 Qc5 22. Rce3 Qc7 23. Qd4 b5 24. g4 Ng7 25. Bf1 e5 26. dxe6 Nxe6 27. Qf6 Qd8 28. Qa1 bxc4 29. Bxc4 d5 30. Bf1 d4 31. Re4 Rxb3 32. Qxa6 Qf6 33. Bc4 Rb2 34. R1e2 Rb1+ 35. Kh2 Qf3 0-1

[Event "January 9 Late 2024"]
[Site "https://www.chess.com"]
[Date "2024.01.09"]
[Round "2"]
[White "Rustemov, Alexander"]
[Black "Silva, Kaua Marques"]
[Result "0-1"]
[Board "79"]
[TimeControl "180+1"]
[WhiteFideId "4119002"]
[BlackFideId "22701168"]
[WhiteElo "2828"]
[BlackElo "2556"]
[WhiteTeam "RUS"]
[BlackTeam "BRA"]
[WhiteClock "0:00:00"]
[BlackClock "0:00:01"]

1. d4 Nf6 2. c4 e6 3. Nf3 c5 4. d5 d6 5. Nc3 g6 6. e4 Bg7 7. h3 O-O 8. Bd3 exd5 9. cxd5 a6 10. a4 Nbd7 11. O-O Ne5 12. Nxe5 dxe5 13. Be3 Qe7 14. a5 Bd7 15. Be2 Rac8 16. Qd2 Ne8 17. d6 Qxd6 18. Qxd6 Nxd6 19. Rfd1 Rc6 20. Na4 Rfc8 21. Nxc5 Rxc5 22. Bxc5 Rxc5 23. Rxd6 Bc6 24. f3 Bh6 25. b3 Rc2 26. Bc4 Be3+ 27. Kh1 Bd4 28. Rd1 Kf8 29. Rd8+ Kg7 30. Bd5 Bb5 31. Bxb7 h5 32. Ra8 g5 33. Bxa6 Bd7 34. Rd8 Be6 35. Bc4 Bxc4 36. bxc4 Rxc4 37. a6 Ra4 38. Rd6 Bc5 39. Rc6 Bd4 40. g4 hxg4 41. hxg4 Ra3 42. Kg2 Ra2+ 43. Kh3 Be3 44. Rh1 Ra3 0-1

[Event "January 9 Late 2024"]
[Site "https://www.chess.com"]
[Date "2024.01.09"]
[Round "2"]
[White "Leenhouts, Koen"]
[Black "Troff, Kayden"]
[Result "0-1"]
[Board "80"]
[TimeControl "180+1"]
[WhiteFideId "1008439"]
[BlackFideId "2047896"]
[WhiteElo "2555"]
[BlackElo "2825"]
[WhiteTeam "NED"]
[BlackTeam "USA"]
[WhiteClock "0:00:01"]
[BlackClock "0:00:16"]

1. d4 Nf6 2. c4 g6 3. Nc3 d5 4. Bg5 Ne4 5. Bh4 Nxc3 6. bxc3 dxc4 7. e3 Be6 8. Nf3 Nd7 9. Be2 Nb6 10. O-O Bg7 11. a4 a5 12. e4 O-O 13. Qd2 Qe8 14. Rfb1 Bd7 15. Bg3 Rc8 16. Bxc7 Rxc7 17. Rxb6 Bxa4 18. Qb2 Qd7 19. Qa2 Bb3 20. Qxa5 Qg4 21. e5 Qe4 22. Bf1 Bh6 23. Re1 Qc2 24. Rxb3 cxb3 25. Qxc7 b2 26. Qxb7 Bc1 27. e6 b1=Q 28. exf7+ Rxf7 29. Qc8+ Kg7 30. Qe6 Qf5 31. Qc4 Qbc2 32. d5 Bg5 33. h3 Bf6 34. Qc5 Qxc3 35. Qb6 Qfxf3 36. gxf3 Qxe1 0-1

[Event "January 9 Late 2024"]
[Site "https://www.chess.com"]
[Date "2024.01.09"]
[Round "2"]
[White "Mikaelyan, Arman"]
[Black "Grutter, Tim"]
[Result "1-0"]
[Board "81"]
[TimeControl "180+1"]
[WhiteFideId "13304852"]
[BlackFideId "1057472"]
[WhiteElo "2816"]
[BlackElo "2555"]
[WhiteTeam "ARM"]
[BlackTeam "NED"]
[WhiteClock "0:00:05"]
[BlackClock "0:00:00"]

1. d4 Nf6 2. c4 e6 3. Nf3 d5 4. Nc3 Be7 5. Bf4 O-O 6. e3 Nbd7 7. cxd5 Nxd5 8. Nxd5 exd5 9. Bd3 c6 10. O-O Nf6 11. Ne5 Be6 12. Qc2 h6 13. Rab1 Nd7 14. b4 a6 15. a4 Rc8 16. Qe2 Nxe5 17. Bxe5 Qd7 18. Rfc1 Bf5 19. h3 Bxd3 20. Qxd3 Bd6 21. Bxd6 Qxd6 22. b5 axb5 23. axb5 c5 24. dxc5 Rxc5 25. Rxc5 Qxc5 26. b6 Rc8 27. Rb5 Qd6 28. g3 Rc5 29. Qa3 Rc6 30. Qa8+ Kh7 31. Qxb7 Qe6 32. Rb1 Rc2 33. Qa6 Qf5 34. Rf1 Rb2 35. b7 Qd7 36. Rd1 Rxb7 37. Qd3+ g6 38. Qxd5 Qxd5 39. Rxd5 Kg7 40. Kg2 Kf6 41. h4 h5 42. Kf3 Rb4 43. Rd6+ Ke7 44. Ra6 Rc4 45. e4 Rc2 46. Ke3 Rb2 47. f3 Rg2 48. Kf4 Rf2 49. Ra3 Rf1 50. Kg5 Rb1 51. f4 Kf8 52. Kh6 Rb5 53. Ra8+ Ke7 54. Kg7 Rb3 55. Ra7+ Ke8 56. Rxf7 Rxg3 57. Rf6 Rg4 58. e5 Rxh4 59. Kxg6 Rh1 60. Kf5 h4 61. Rh6 h3 62. Ke6 Kf8 63. f5 Kg7 64. Rh4 h2 65. f6+ Kg6 66. f7 Kg5 67. Rh8 1-0

[Event "January 9 Late 2024"]
[Site "https://www.chess.com"]
[Date "2024.01.09"]
[Round "2"]
[White "Cruz Mendez, Jean Marco"]
[Black "Gokerkan, Cem Kaan"]
[Result "1/2-1/2"]
[Board "82"]
[TimeControl "180+1"]
[WhiteFideId "3526402"]
[BlackFideId "6336760"]
[WhiteElo "2554"]
[BlackElo "2816"]
[WhiteTeam "CUB"]
[BlackTeam "TUR"]
[WhiteClock "0:00:15"]
[BlackClock "0:00:13"]

1. e4 c5 2. Nf3 d6 3. d4 cxd4 4. Nxd4 Nf6 5. Nc3 e5 6. Bb5+ Nbd7 7. Nf5 a6 8. Bxd7+ Qxd7 9. Ne3 Be7 10. O-O b5 11. f3 O-O 12. a4 Bb7 13. Qd3 b4 14. Ncd5 Nxd5 15. Nxd5 Bxd5 16. Qxd5 Rac8 17. Rf2 Rc5 18. Qd3 d5 19. Qxa6 dxe4 20. fxe4 Rxc2 21. Be3 b3 22. a5 Rxf2 23. Bxf2 Qd2 24. Rb1 Qc2 25. Qf1 Ra8 26. a6 Bc5 27. Bxc5 Qxc5+ 28. Kh1 g6 29. h3 Qc2 30. Rc1 Qxb2 31. Rc7 Rf8 32. a7 Qa2 33. Rb7 b2 34. Kh2 Kg7 35. Qb5 Ra8 36. Qxe5+ Kh6 37. Qf4+ Kg7 38. Qe5+ Kh6 39. Qf4+ Kg7 40. Qe5+ 1/2-1/2

[Event "January 9 Late 2024"]
[Site "https://www.chess.com"]
[Date "2024.01.09"]
[Round "2"]
[White "Cabarkapa, Novak"]
[Black "Lin, Bryan Enming"]
[Result "0-1"]
[Board "83"]
[TimeControl "180+1"]
[WhiteFideId "943746"]
[BlackFideId "30987121"]
[WhiteElo "2811"]
[BlackElo "2552"]
[WhiteTeam "SRB"]
[BlackTeam "USA"]
[WhiteClock "0:00:06"]
[BlackClock "0:01:29"]

1. e4 e5 2. Nf3 Nc6 3. Bc4 Nf6 4. d3 Bc5 5. c3 d6 6. Bb3 h6 7. h3 O-O 8. g4 Be6 9. g5 hxg5 10. Bxg5 d5 11. Nbd2 Be7 12. Rg1 Qd6 13. Nh4 dxe4 14. Bxf6 Bxf6 15. Nxe4 Qe7 16. Bxe6 Qxe6 17. Qg4 Qxg4 18. Nxf6+ gxf6 19. hxg4 Kg7 20. Ke2 Rh8 21. Nf5+ Kg6 22. b4 a6 23. a4 b5 24. axb5 axb5 25. Rxa8 Rxa8 26. Rh1 Ra3 27. Kd2 Kg5 28. Ng3 Kf4 29. Ne2+ Kxg4 30. Ke3 Kf5 31. Rh6 Ne7 32. Ng3+ Ke6 33. Kd2 Ra2+ 34. Ke3 Nd5+ 35. Kf3 Nxc3 36. Nh5 Nd5 37. Ng7+ Ke7 38. Nf5+ Kd7 39. Rh7 Rd2 40. Ne3 Nxb4 41. Rxf7+ Kc8 42. Rxf6 Nxd3 43. Ke4 Nxf2+ 44. Kxe5 Re2 45. Kd4 Kb7 46. Nd5 Rd2+ 47. Ke5 Ng4+ 0-1

[Event "January 9 Late 2024"]
[Site "https://www.chess.com"]
[Date "2024.01.10"]
[Round "2"]
[White "Taboas Rodriguez, Daniel"]
[Black "Stopa, Jacek"]
[Result "1-0"]
[Board "84"]
[TimeControl "180+1"]
[WhiteFideId "2208466"]
[BlackFideId "1119591"]
[WhiteElo "2552"]
[BlackElo "2809"]
[WhiteTeam "ESP"]
[BlackTeam "POL"]
[WhiteClock "0:00:19"]
[BlackClock "0:00:50"]

1. d4 Nf6 2. Nf3 e6 3. c4 Bb4+ 4. Nbd2 Be7 5. a3 d5 6. Qc2 O-O 7. e4 c5 8. e5 Nfd7 9. cxd5 exd5 10. dxc5 Nc6 11. Bd3 h6 12. e6 fxe6 13. b4 Bf6 14. Bb2 a5 15. b5 Bxb2 16. Qxb2 Nxc5 17. Bb1 Ne7 18. Qc2 Ne4 19. Nxe4 dxe4 20. Qxe4 g6 21. O-O Qd5 22. a4 b6 23. Qh4 Nf5 24. Bxf5 Qxf5 25. Qxh6 Ra7 26. Qg5 Rd7 27. Rad1 Rff7 28. h3 Bb7 29. Qxf5 exf5 30. Ne5 Rxd1 31. Rxd1 Rf6 32. Rd8+ Rf8 33. Rxf8+ Kxf8 34. Nd7+ Ke7 35. Nxb6 Kd6 36. Nc4+ Kc5 37. Nxa5 Bd5 38. Nc6 Bb3 39. Ne7 Bf7 40. Kh2 f4 41. h4 Kd6 42. Nc6 Bb3 43. a5 Bc4 44. Na7 Kc7 45. b6+ Kb7 46. Kh3 Be6+ 47. Kh2 Ka6 48. Nc6 Bd5 49. Nb4+ Kxa5 50. Nxd5 Ka6 51. Nxf4 Kxb6 52. Nxg6 Kc6 53. h5 Kd6 54. h6 Ke6 55. h7 Kf7 56. h8=Q 1-0

[Event "January 9 Late 2024"]
[Site "https://www.chess.com"]
[Date "2024.01.09"]
[Round "2"]
[White "De Boer, Eelke"]
[Black "Velikanov, Alexander"]
[Result "0-1"]
[Board "85"]
[TimeControl "180+1"]
[WhiteFideId "1048120"]
[BlackFideId "2039290"]
[WhiteElo "2547"]
[BlackElo "2800"]
[WhiteTeam "NED"]
[BlackTeam "USA"]
[WhiteClock "0:00:10"]
[BlackClock "0:00:29"]

1. e4 c5 2. Nf3 e6 3. d4 cxd4 4. Nxd4 d6 5. Nc3 a6 6. g4 b5 7. Be3 Bb7 8. f3 Nd7 9. Qd2 Rc8 10. a3 Ngf6 11. h4 Ne5 12. Be2 Nc4 13. Bxc4 Rxc4 14. h5 h6 15. g5 hxg5 16. Bxg5 Be7 17. h6 gxh6 18. Rxh6 Rg8 19. Be3 d5 20. e5 Nd7 21. f4 b4 22. axb4 Bxb4 23. Nxe6 fxe6 24. Rxe6+ Kf7 25. f5 Qh4+ 26. Bf2 Rg1+ 27. Ke2 Qg4+ 28. Ke3 Bc5+ 29. Kd3 Qxf5+ 30. Ke2 Qg4+ 0-1